 Dungeon Crawl Stone Soup version 0.25-a0-1130-g3926558f3a (webtiles) character file.

Game seed: 948124024879127067, levelgen mode: deterministic

195 Lugonue the Chopper (level 5, -4/41 HPs)
             Began as a Hill Orc Transmuter on May 19, 2020.
             Killed from afar by Crazy Yiuf (6 damage)
             ... with a puff of flame
             ... on level 3 of the Dungeon.
             The game lasted 00:11:29 (5368 turns).

Lugonue the Chopper (Hill Orc Transmuter)           Turns: 5368, Time: 00:11:30

Health: -4/41      AC:  9    Str: 14      XL:     5   Next: 74%
Magic:  8/8        EV: 10    Int: 10 (13) God:
Gold:   165        SH:  0    Dex: 14 (15) Spells: 7/8 levels left

rFire    . . .     SeeInvis +   b - +0 war axe
rCold    . . .     Gourm    .   (no shield)
rNeg     . . .     Faith    .   g - +0 scale mail
rPois    .         Spirit   .   e - +0 helmet
rElec    .         Reflect  .   j - scarf {repulsion}
rCorr    .         Harm     .   c - +1 pair of gloves
MR       .....                  (no boots)
Stlth    ..........             (no amulet)
HPRegen  0.13/turn              m - ring of see invisible
MPRegen  0.11/turn              (no ring)

@: lightly drained, repel missiles
A: agile 2
a: no special abilities


You were on level 3 of the Dungeon.
You were not hungry.

You visited 1 branch of the dungeon, and saw 3 of its levels.

You collected 165 gold pieces.

Inventory:

Hand Weapons
 b - a +0 war axe (weapon)
Missiles
 a - 108 arrows
 f - 28 poisoned darts (quivered)
Armour
 c - a +1 pair of gloves (worn)
 e - a +0 helmet (worn)
 g - a +0 scale mail (worn)
 j - a scarf of repulsion (worn)
Jewellery
 m - a ring of see invisible (left hand)
Scrolls
 i - 2 scrolls of identify
Comestibles
 d - 3 rations


   Skills:
 * Level 1.8(1.6) Fighting
 * Level 3.6(3.3) Axes
 + Level 1.9(1.7) Throwing
 * Level 0.2(0.0) Armour
 + Level 2.7(2.5) Dodging
 + Level 0.5(0.3) Stealth
 - Level 3.2(3.0) Unarmed Combat
 + Level 2.0(1.8) Spellcasting
 + Level 1.5(1.3) Transmutations


You had 7 spell levels left.
You knew the following spells:

 Your Spells              Type           Power        Failure   Level  Hunger
a - Beastly Appendage     Tmut           #.....       63%         1    ##.....

Your spell library contained the following spells:

 Spells                   Type           Power        Failure   Level  Hunger
 Sticks to Snakes         Tmut           #.......     77%         2    ###....
 Spider Form              Tmut/Pois      #.........   97%         3    ####...
 Ice Form                 Ice/Tmut       #.......     100%        4    #####..
 Blade Hands              Tmut           #.........   100%        5    ######.


Dungeon Overview and Level Annotations

Branches:
Dungeon (3/15)

Altars:
Cheibriados
Fedhas
Sif Muna

Annotations:
D:3 Crazy Yiuf


Innate Abilities, Weirdness & Mutations

You are very agile. (Dex +4)


Message History

Crazy Yiuf barely misses you.
Unknown command.
You closely miss Crazy Yiuf.
Crazy Yiuf is almost dead.
Crazy Yiuf glowers.
Crazy Yiuf hits you with a +3 quarterstaff of chaos.
Crazy Yiuf draws strength from your wounds!
Unknown command.
You closely miss Crazy Yiuf.
Crazy Yiuf is severely wounded.
Crazy Yiuf hits you with a +3 quarterstaff of chaos!
* * * LOW HITPOINT WARNING * * *
Crazy Yiuf burns you.
* * * LOW HITPOINT WARNING * * *
You hit Crazy Yiuf.
Crazy Yiuf is almost dead.
Crazy Yiuf hits you with a +3 quarterstaff of chaos.
* * * LOW HITPOINT WARNING * * *
Crazy Yiuf zaps a wand.
The puff of flame hits you.
You die...

#.g# #........# ##.#
#........#######
♣###.###........'.....#
.#..............#####.#
......[..######.# #.#
.........# #.# #.#
g#.......# #.# #.#
♣##......# #g### #.#
##.....# #)@.# #.#
####.....########)###.#
#.##.#####..........#.#
#.##.# #..........#.#
#..#.# #........P...#
##.#.# #.......P...P#
##...## #....(..P._PP#
....÷.# #.......P.PP.#
......# #.....<..PPP.#


You could see Crazy Yiuf.

Vanquished Creatures
  An orc priest (D:3)
  An orc wizard (D:3)
  5 adders
  2 oozes (D:1)
  A dart slug (D:2)
  2 leopard geckos (D:3)
  6 orcs
  11 bats
  4 giant cockroaches
  10 goblins
  5 hobgoblins
  4 jackals (D:1)
  10 kobolds
  2 quokkas (D:2)
  A ball python (D:3)
  6 frilled lizards
  8 rats
79 creatures vanquished.

Vanquished Creatures (others)
  4 fungi (D:3)
4 creatures vanquished.

Grand Total: 83 creatures vanquished

Notes
Turn   | Place    | Note
-------+----------+-------------------------------------------
     0 | D:1      | Lugonue the Hill Orc Transmuter began the quest for the
                  | Orb.
     0 | D:1      | Reached XP level 1. HP: 16/16 MP: 3/3
   105 | D:1      | Reached XP level 2. HP: 11/23 MP: 4/4
   638 | D:1      | Reached XP level 3. HP: 23/28 MP: 6/6
  1118 | D:1      | Reached skill level 1 in Throwing
  1973 | D:2      | Reached XP level 4. HP: 31/35 MP: 7/7
  2908 | D:2      | Found a snail-covered altar of Cheibriados.
  2940 | D:3      | Found a blossoming altar of Fedhas.
  2980 | D:3      | Gained mutation: You are agile. (Dex +2) [potion of
                  | mutation]
  2980 | D:3      | Gained mutation: You are very agile. (Dex +4) [potion of
                  | mutation]
  3004 | D:3      | HP: 1/35 [poisoned by an adder]
  3338 | D:3      | Reached skill level 1 in Axes
  4018 | D:3      | Reached XP level 5. HP: 5/41 MP: 8/8
  4638 | D:3      | Found a runed translucent door.
  4639 | D:3      | Noticed Crazy Yiuf
  4665 | D:3      | Found a shimmering blue altar of Sif Muna.
  5368 | D:3      | HP: 2/41 [Crazy Yiuf/+3 quarterstaff of chaos (4)]
  5368 | D:3      | Killed from afar by Crazy Yiuf

Illustrated notes

Levels and vault maps discovered:
D:1:      dpeg_arrival_tiny_a, layout_loops_corners, grunt_decor_fettered,
          minmay_tetromino_i4
D:2:      layout_basic, kennysheep_slug_shrine
D:3:      layout_basic, lemuel_blue_sif_altar, fedhas_altar_3,
          uniq_crazy_yiuf_cottage

Skill      XL: |  1  2  3  4  5 |
---------------+----------------+-----
Dodging        | 2 |  2.7
Spellcasting   | 2 |  2.0
Throwing       | 1 |  1.9
Axes           | 2 3 |  3.6
Fighting       | |  1.8
Armour         | |  0.2
Stealth        | |  0.5
Unarmed Combat | |  3.2
Transmutations | |  1.5

Action                   |  1- 3 |  4- 6 || total
-------------------------+-------+-------++-------
Melee: Unarmed           |    84 |       ||    84
       Hand axe          |       |    91 ||    91
       War axe           |       |    92 ||    92
       Punch             |       |     2 ||     2
Throw: Dart              |    65 |    17 ||    82
  Use: Potion            |     1 |     8 ||     9
       Scroll            |       |     6 ||     6
 Stab: Sleeping          |     1 |       ||     1
  Eat: Chunk             |     3 |    10 ||    13
       Ration            |       |     1 ||     1
Armor: Robe              |    23 |    33 ||    56
       Skin              |     4 |     1 ||     5
       Leather armour    |       |     2 ||     2
       Scale mail        |       |    52 ||    52
Dodge: Dodged            |    75 |   174 ||   249
       Repelled          |       |     2 ||     2

Table legend:
 A = Non-vault XP
 B = Vault XP
 C = Vault XP percentage of total XP
 D = Non-vault monster count
 E = Vault monster count
 F = Vault count percentage of total count
                 A         B        C        D         E       F
            +---------+---------+-------+---------+---------+-------
      Total |     268 |      11 |   3.9 |      74 |       5 |   6.3
            +---------+---------+-------+---------+---------+-------
        D:1 |      56 |       7 |  11.1 |      26 |       4 |  13.3
        D:2 |      49 |       4 |   7.5 |      15 |       1 |   6.2
        D:3 |     163 |       0 |   0.0 |      33 |       0 |   0.0
            +---------+---------+-------+---------+---------+-------
